 Dungeon Crawl Stone Soup version 0.28.0-45-g0d030f2227 (webtiles) character file.

Game seed: 11250726403521399063

1 psko the Sneak (level 1, 0/9 HPs)
             Began as a Spriggan Enchanter on Apr 3, 2022.
             Slain by a quokka (3 damage)
             ... on level 1 of the Dungeon.
             The game lasted 00:01:29 (223 turns).

psko the Sneak (Spriggan Enchanter)                  Turns: 223, Time: 00:01:29

Health: 0/9        AC:  2    Str:  4    XL:     1   Next: 16%
Magic:  5/5        EV: 17    Int: 16    God:
Gold:   22         SH:  0    Dex: 15    Spells: 5/5 levels left

rFire   . . .      SeeInvis +   d - +0 hand axe
rCold   . . .      Faith    .   (no shield)
rNeg    . . .      Spirit   .   b - +0 robe
rPois   .          Reflect  .   (helmet restricted)
rElec   .          Harm     .   (no cloak)
rCorr   .          Rampage  .   (gloves unavailable)
Will    .....                   (boots unavailable)
Stlth   +++.......              (no amulet)
HPRegen 0.03/turn               (no ring)
MPRegen 0.09/turn               (no ring)

@: very quick
A: very small, no large weapons, unfitting armour, see invisible, speed 3
a: no special abilities


You were on level 1 of the Dungeon.
You visited 1 branch of the dungeon, and saw 1 of its levels.

You collected 22 gold pieces.

Inventory:

Hand Weapons
 a - a +1 dagger
 d - a +0 hand axe (weapon)
Missiles
 e - 6 atropa-tipped darts (quivered)
 f - 18 stones
Armour
 b - a +0 robe (worn)


   Skills:
 + Level 1.1 Short Blades
 + Level 0.2 Axes
 + Level 2.6 Dodging
 + Level 4.4 Stealth
 + Level 2.6 Spellcasting
 + Level 3.6 Hexes


You had 5 spell levels left.
You didn't know any spells.
Your spell library contained the following spells:

 Spells                   Type           Power      Damage    Failure   Level
 Confusing Touch          Hex            13%        N/A       13%         3
 Tukima's Dance           Hex            13%        N/A       13%         3
 Ensorcelled Hibernation  Hex/Ice        14%        N/A       14%         2
 Dazzling Flash           Conj/Hex       14%        N/A       28%         3


Dungeon Overview and Level Annotations

Branches:
Dungeon (1/15)

Altars:


Innate Abilities, Weirdness & Mutations

You are very small and have problems with some larger weapons.
You are too small for most types of armour.
You have supernaturally acute eyesight. (SInv)
You cover ground extremely quickly. (Speed+++)


Message History

Unknown command.
Unknown command.
You don't know any spells.
The ball python hisses angrily.
Found 13 gold pieces.
You closely miss the ball python. The ball python barely misses you. x2
You closely miss the ball python. The ball python closely misses you.
The ball python barely misses you. The ball python bites you.
The ball python closely misses you.
You hit the ball python but do no damage.
The ball python misses you. The ball python grabs you.
The ball python constricts you.
You hit the ball python.
The ball python is moderately wounded.
The ball python barely misses you. The ball python constricts you.
The ball python barely misses you. The ball python constricts you.
You hit the ball python.
You kill the ball python!
You now have 13 gold pieces.
You fade into invisibility!
HP restored.
Found a stone staircase leading down.
You now have 22 gold pieces (gained 9).
You flicker for a moment.
Found a stone staircase leading down.
There is a stone staircase leading down here.
You flicker back into view.
There is a stone staircase leading down here.
A quokka comes into view.
The quokka barely misses you.
You hit the quokka but do no damage. The quokka misses you.
The quokka barely misses you.
You hit the quokka but do no damage.
The quokka twitches its whiskers.
The quokka misses you.
You miss the quokka. The quokka bites you.
The quokka bites you but does no damage.
You barely miss the quokka. The quokka bites you.
You closely miss the quokka. The quokka misses you. The quokka bites you.
You die...

#..........................# #.#
#.8........................# #.#
##.........###8##8##8##8#.#####.#
#.........# ############.#.....#
###.....### ###.##### ###.### #.#
#.# #.##### #.# #....r# #.# #@#
#.# #.# #.# #.# #.# #.# #.# #.#
..#####.####.# #.#
...........#.#####.#
.######.##.#.#.....#
...##.#.#.#####
###########.#...##
..............#..#


You could see a quokka.

Vanquished Creatures
  A ball python (D:1)
1 creature vanquished.

Notes
Turn   | Place    | Note
-------+----------+-------------------------------------------
     0 | D:1      | psko the Spriggan Enchanter began the quest for the Orb.
     0 | D:1      | Reached XP level 1. HP: 9/9 MP: 5/5
   223 | D:1      | Slain by a quokka

Illustrated notes

Levels and vault maps discovered:
D:1:      psy_arrival_heroes, layout_basic

Action                   || total
-------------------------++-------
Melee: Hand axe          ||    10
  Use: Potion            ||     1
Armor: Robe              ||     1
Dodge: Dodged            ||    13
